Map: Cerulean Fall LE

Players

llIllllIllll - Winner!

  • Race: Protoss Protoss
  • League: Master
  • Spawn Location: 1:00

Thor

  • Race: Zerg Zerg
  • League: Master
  • Spawn Location: 7:00

VOD

Have the link to the VOD?

Description

Time

  • Played on: Oct. 19, 2018, 5:21 p.m.
  • Length: 11:13
Show
View Real Time Build Order
Export as new Build Order

llIllllIllll Protoss - Winner!

Build Orders:  

Get SALT Encoding   

  12  0:00  Probe  
  13  0:13  Probe  
  14  0:21  Pylon  
  14  0:25  Probe  
  15  0:38  Probe  
  16  0:44  Forge  
  16  0:46  Probe  
  17  0:58  Gateway  
  17  1:04  Probe  
  18  1:16  Probe  
  19  1:21  Pylon  
  19  1:25  Pylon  
  19  1:26  Pylon  
  19  1:39  Photon Cannon  
  19  1:45  Pylon x2  
  19  1:48  Pylon  
  19  1:56  Probe  
  20  2:02  Photon Cannon  
  20  2:03  Photon Cannon  
  20  2:08  Probe  
  20  2:09  Assimilator  
  20  2:13  Assimilator  
  21  2:22  Probe  
  22  2:32  Cybernetics Core  
  22  2:45  Nexus  
  22  2:47  Probe  
  23  3:05  Pylon  
  23  3:21  Stargate  
  23  3:25  Photon Cannon  
  23  3:29  Photon Cannon  
  23  3:33  Probe  
  24  3:45  Photon Cannon, Probe  
  24  3:47  Pylon  
  27  3:57  Probe  
  27  3:59  Void Ray  
  27  4:01  Probe  
  29  4:07  Probe  
  32  4:10  Probe  
  32  4:15  Probe  
  33  4:23  Probe x2, Assimilator  
  36  4:38  Void Ray  
  40  4:48  Shield Battery  
  40  4:55  Assimilator  
  40  5:02  Photon Cannon  
  39  5:17  Void Ray  
  43  5:32  Shield Battery  
  43  5:33  Shield Battery  
  43  5:49  Fleet Beacon  
  43  5:50  Probe  
  43  5:56  Photon Cannon  
  44  5:57  Pylon  
  44  6:03  Probe  
  45  6:07  Shield Battery  
  45  6:10  Shield Battery  
  45  6:24  Tempest  
  51  6:53  Probe x2  
  53  6:59  Pylon  
  53  7:05  Probe  
  53  7:07  Tempest  
  54  7:09  Pylon  
  54  7:17  Probe x2  
  54  7:20  Stargate  
  62  7:23  Stargate  
  62  7:29  Probe  
  63  7:51  Tempest  
  69  9:01  Pylon  
  69  9:02  Pylon  
  69  9:05  Pylon  
  69  9:07  Pylon  
  69  9:09  Pylon  
  69  9:14  Nexus  
  69  9:16  Pylon  
  69  9:19  Oracle x2  
  69  9:20  Stargate, Tempest  
  81  9:47  Probe  
  81  9:48  Probe  
  83  9:56  Oracle x2  
  89  10:06  Oracle  
  92  10:29  Photon Cannon  
  92  10:30  Probe  
  92  10:31  Photon Cannon  
  92  10:33  Photon Cannon, Oracle x2  
Show
View Real Time Build Order
Export as new Build Order

Thor Zerg 

Build Orders: Hatch First 

Get SALT Encoding   

  12  0:00  Drone  
  13  0:11  Overlord  
  13  0:17  Drone  
  14  0:30  Drone x2  
  16  0:48  Hatchery  
  15  0:51  Drone  
  15  0:55  Drone  
  17  0:58  Drone  
  18  1:08  Extractor  
  17  1:15  Spawning Pool  
  17  1:17  Drone  
  17  1:21  Drone  
  19  2:04  Spine Crawler  
  19  2:06  Queen  
  19  2:07  Roach Warren, Extractor  
  19  2:08  Drone x2  
  19  2:09  Drone  
  21  2:22  Drone  
  22  2:28  Hatchery  
  21  2:36  Drone  
  22  2:42  Spine Crawler, Drone  
  22  2:52  Overlord  
  22  3:12  Roach  
  24  3:16  Roach x3  
  24  3:19  Overlord  
  30  3:32  Overlord  
  31  3:41  Ravager x2  
  31  3:42  Ravager, Drone  
  35  3:48  Ravager  
  35  3:49  Drone x2  
  35  3:51  Hatchery, Drone  
  38  4:15  Drone  
  39  4:22  Drone  
  40  4:32  Drone x4, Hatchery  
  43  4:44  Drone  
  44  4:55  Overlord  
  44  4:58  Roach  
  46  5:04  Queen  
  48  5:08  Drone  
  49  5:23  Spore Crawler  
  49  5:24  Spore Crawler  
  49  5:25  Spore Crawler  
  49  5:27  Spore Crawler  
  44  5:31  Spore Crawler  
  44  5:32  Drone  
  41  5:43  Drone x5  
  41  5:46  Drone  
  47  6:05  Drone  
  48  6:17  Drone x5  
  48  6:18  Drone x4  
  57  6:28  Spore Crawler  
  56  6:34  Spore Crawler  
  56  6:37  Roach  
  57  6:42  Drone  
  57  6:44  Lair  
  57  6:45  Overlord x3  
  57  6:46  Overlord  
  58  6:59  Overlord x3  
  58  7:05  Drone x3  
  61  7:14  Drone  
  59  7:18  Drone x5  
  59  7:22  Extractor x2  
  63  7:26  Drone x5  
  63  7:29  Drone  
  68  7:38  Ravager  
  68  7:44  Hydralisk Den, Hatchery  
  63  7:45  Queen  
  60  8:04  Drone x10  
  60  8:05  Drone  
  69  8:06  Spore Crawler  
  69  8:08  Spore Crawler  
  65  8:17  Drone x2  
  64  8:40  Hatchery  
  59  8:47  Ravager  
  59  9:05  Muscular Augments  
  57  9:21  Overlord  
  53  9:33  Hydralisk  
  53  9:34  Hydralisk  
  53  9:35  Overlord x2  
  51  9:41  Hydralisk x4  
  59  9:52  Hatchery  
  59  9:53  Overlord  
  59  9:54  Hydralisk  
  59  9:58  Hydralisk x2  
  59  10:03  Queen x2  
  60  10:09  Hydralisk x3  
  65  10:17  Hatchery  
  64  10:29  Hydralisk x2  
  68  10:36  Extractor  
  68  10:41  Extractor  
Tags
 
Add a new tag
Caveats
  • Supply blocks, unpowered buildings, or Contaminate may cause inaccurate times.
  • Supply counts are checked every 10 seconds.